 Dungeon Crawl Stone Soup version 0.24-a0-235-g3f03afc (webtiles) character file.

Game seed: 10074303532803352558

1100 xeno23 the Covert (level 8, 0/54 HPs)
             Began as an Octopode Assassin on Apr 7, 2019.
             Slain by a gnoll
             ... wielding a +0 halberd
              (12 damage)
             ... on level 5 of the Dungeon.
             The game lasted 00:18:45 (5191 turns).

xeno23 the Covert (Octopode Assassin)               Turns: 5191, Time: 00:18:46

Health: 0/54       AC:  1    Str: 11    XL:     8   Next: 32%
Magic:  11/11      EV:  7    Int: 13    God:
Gold:   220        SH:  0    Dex: 15    Spells: 9/11 levels left

rFire    . . .     SeeInvis .   r - +1 mace (protect)
rCold    . . .     Gourm    .   p - +2 buckler
rNeg     . . .     Faith    .   (helmet restricted)
rPois    .         Spirit   .   o - amulet of magic regeneration
rElec    .         Reflect  .   (no ring)
rCorr    .         Harm     .   (no ring)
MR       .....                  (no ring)
Stlth    +++++.....             (no ring)
HPRegen  0.18/turn              (no ring)
MPRegen  0.37/turn              (no ring)
                                (no ring)
                                (no ring)

@: held
A: almost no armour, stealthy swim, amphibious, 8 rings, constrict 8, camouflage
1, gelatinous body 1
a: no special abilities


You were on level 5 of the Dungeon.
You were hungry.

You visited 1 branch of the dungeon, and saw 5 of its levels.

You collected 220 gold pieces.

Inventory:

Hand Weapons
 a - a +2 dagger
 b - a +0 blowgun
 r - a +1 mace of protection (weapon)
 u - a +0 flail of protection
 v - a +3 falchion
Missiles
 c - 23 poisoned needles
 d - 2 curare-tipped needles
Armour
 p - a +2 buckler (worn)
Jewellery
 o - an amulet of magic regeneration (around mantle)
Wands
 t - a wand of iceblast (6)
Scrolls
 e - a scroll of remove curse {unknown}
 l - a scroll of blinking {unknown}
 m - a scroll of enchant armour {unknown}
 n - a scroll of identify {unknown}
 q - a scroll of amnesia {unknown}
 s - a scroll of enchant weapon {unknown}
 x - a scroll of teleportation {unknown}
Potions
 g - 2 potions of degeneration {unknown}
 h - a potion of experience {unknown}
 i - 2 potions of magic {unknown}
 j - 2 potions of heal wounds
 k - 2 potions of agility {unknown}
 w - a potion of curing {unknown}
Comestibles
 f - 11 rations


   Skills:
 * Level 3.6 Fighting
 - Level 5.3 Short Blades
 - Level 2.0 Throwing
 - Level 1.0 Dodging
 + Level 8.3 Stealth
 - Level 4.3 Shields
 + Level 2.0 Spellcasting
 + Level 2.2 Translocations


You had 9 spell levels left.
You knew the following spells:

 Your Spells              Type           Power        Failure   Level  Hunger
a - Blink                 Tloc           N/A          16%         2    ###....

Your spell library contained the following spells:

 Spells                   Type           Power        Failure   Level  Hunger
 Magic Dart               Conj           #...         26%         1    ##.....
 Call Imp                 Summ           #.......     36%         2    ###....
 Slow                     Hex            #.......     36%         2    ###....
 Conjure Flame            Conj/Fire      #.......     58%         3    ####...
 Mephitic Cloud           Conj/Pois/Air  #.......     58%         3    ####...


Dungeon Overview and Level Annotations

Branches:
Dungeon (5/15)
 Temple: D:4-7

Altars:
Ashenzari
Fedhas
Nemelex Xobeh
Okawaru
Qazlal
Trog
Wu Jian
The Shining One

Annotations:
D:4 Ijustatesigmund's ghost, amateur OpMo


Innate Abilities, Weirdness & Mutations

You cannot wear most types of armour.
You are very stealthy in the water. (Stealth+)
You are amphibious.
You can wear up to eight rings at the same time.
You can use your tentacles to constrict eight enemies at once.
Your skin changes colour to match your surroundings (Stealth+).
Your rubbery body absorbs attacks. (AC +1, EV +1)


Message History

A gnoll comes into view. It is wielding a +0 halberd.
The ogre shouts!
You hear a shout!
There is a shaft here.
The gnoll throws a throwing net.
The throwing net hits you.
You become entangled in the net!
You see here a throwing net.
The ogre hits you with a +0 giant club!!
* * * LOW HITPOINT WARNING * * *
You take 25 damage.
You struggle against the net.
The gnoll hits you from afar with a +0 halberd.
* * * LOW HITPOINT WARNING * * *
You take 2 damage.
You feel much better.
The ogre hits you with a +0 giant club!!
* * * LOW HITPOINT WARNING * * *
The gnoll barely misses you.
You struggle against the net.
The ogre barely misses you.
The gnoll hits you from afar with a +0 halberd!
You die...

#....# #.......# #....#
#.....>.# ##########....#
##.......#
..............#
#........#
#######........#
##.###.####
..(.....###...)###..# #.#
...###### #........## #.#
.....# #...)########.#
.....# #...g.@.....#.#
..#..## ##....^O.....#.#
.###..####..........<.#.#
## ##..##..#..........# +
##....#(..........#
##..#............#
##...#.#..........# #
##...##.#)..########
.###....##.).###


You could see an ogre and a gnoll.

Vanquished Creatures
  Sigmund (D:3)
  A phantom (D:4)
  2 centaurs (D:5)
  2 howler monkeys (D:4)
  2 orc priests (D:3)
  2 hounds
  Crazy Yiuf (D:2)
  2 jellies (D:3)
  A bullfrog skeleton (D:4)
  2 iguanas
  2 worker ants
  7 gnolls
  4 adders
  10 oozes
  An adder skeleton (D:4)
  6 worms
  2 dart slugs
  2 leopard geckos
  9 orcs
  3 ball pythons
  4 giant cockroaches
  10 goblins
  9 hobgoblins
  2 jackals (D:1)
  2 quokkas (D:2)
  14 bats
  2 frilled lizards
  2 jackal skeletons (D:4)
  16 kobolds
  A quokka skeleton (D:4)
  12 rats
136 creatures vanquished.

Vanquished Creatures (others)
  2 fungi (D:3)
  8 toadstools (D:3)
10 creatures vanquished.

Grand Total: 146 creatures vanquished

Notes
Turn   | Place    | Note
-------+----------+-------------------------------------------
     0 | D:1      | xeno23 the Octopode Assassin began the quest for the Orb.
     0 | D:1      | Reached XP level 1. HP: 14/14 MP: 1/1
   111 | D:1      | Reached XP level 2. HP: 19/19 MP: 2/2
   826 | D:1      | Reached XP level 3. HP: 24/24 MP: 3/3
  1470 | D:2      | Reached skill level 6 in Stealth
  1669 | D:2      | Reached XP level 4. HP: 29/29 MP: 4/4
  1852 | D:2      | Found an ornate altar of the Wu Jian Council.
  1938 | D:2      | Found a runed translucent door.
  1939 | D:2      | Noticed Crazy Yiuf
  1946 | D:2      | Killed Crazy Yiuf
  2074 | D:2      | Reached skill level 1 in Shields
  2139 | D:2      | Reached XP level 5. HP: 25/34 MP: 5/5
  2395 | D:3      | Noticed Sigmund
  2433 | D:3      | Killed Sigmund
  2433 | D:3      | Reached XP level 6. HP: 31/39 MP: 6/6
  2578 | D:3      | Reached skill level 5 in Short Blades
  2578 | D:3      | Reached skill level 7 in Stealth
  3211 | D:3      | Reached XP level 7. HP: 32/45 MP: 7/7
  3328 | D:3      | Noticed a moth of wrath
  3331 | D:3      | Found a bloodstained altar of Trog.
  4027 | D:4      | Found a transporter.
  4059 | D:4      | Found a transporter.
  4060 | D:4      | Noticed Ijustatesigmund's ghost (amateur OpMo)
  4092 | D:4      | Learned a level 2 spell: Blink
  4206 | D:4      | Found a sparkling altar of Nemelex Xobeh.
  4207 | D:4      | Found a shattered altar of Ashenzari.
  4207 | D:4      | Found a stormy altar of Qazlal.
  4207 | D:4      | Found a blossoming altar of Fedhas.
  4337 | D:4      | Found a glowing golden altar of the Shining One.
  4342 | D:4      | Found an iron altar of Okawaru.
  4498 | D:4      | Reached skill level 1 in Translocations
  4530 | D:4      | Reached skill level 1 in Spellcasting
  4965 | D:5      | Entered Level 5 of the Dungeon
  4974 | D:5      | Reached skill level 8 in Stealth
  4974 | D:5      | Reached XP level 8. HP: 42/51 MP: 10/10
  5191 | D:5      | Slain by a gnoll

Levels and vault maps discovered:
D:1:      dpeg_arrival_subterranean_lakeside_camping, layout_basic,
          minmay_hedge_maze, fountainhead
D:2:      layout_loops_ring, lemuel_crystal_altar, first_ration,
          bh_walls_and_bars, uniq_crazy_yiuf_cottage
D:3:      cheibrodos_fertilizer, layout_loops_ring, chequers_big_river,
          grunt_decor_fettered, tgw_trog, uniq_sigmund
D:4:      layout_basic, minmay_overflow_temple_hex, gammafunk_ghost_mausoleum
D:5:      layout_rooms, nemelex_diamond_rough_becter

Skill      XL: |  1  2  3  4  5  6  7  8 |
---------------+-------------------------+-----
Short Blades   | 3 4 5 |  5.3
Stealth        | 6 7 8 |  8.3
Shields        | 1 2 3 4 |  4.3
Translocations | 1 2 |  2.2
Spellcasting   | 1 2 |  2.0
Fighting       | 3 |  3.6
Throwing       | |  2.0
Dodging        | |  1.0

Action                   |  1- 3 |  4- 6 |  7- 9 || total
-------------------------+-------+-------+-------++-------
Melee: Dagger            |    73 |     4 |    29 ||   106
       Constrict         |    11 |    24 |    28 ||    63
       Tentacles         |     7 |    27 |    36 ||    70
       Mace              |       |   104 |    70 ||   174
       Falchion          |       |       |    23 ||    23
 Fire: Blowgun           |       |     8 |       ||     8
  Use: Potion            |       |       |     3 ||     3
 Stab: Sleeping          |    19 |    10 |    11 ||    40
       Distracted        |       |     1 |       ||     1
  Eat: Chunk             |     2 |     5 |     6 ||    13
Armor: Skin              |       |    26 |    15 ||    41
Dodge: Dodged            |    35 |    42 |    52 ||   129
Block: Shield            |       |    51 |    30 ||    81
       Buckler           |       |       |    19 ||    19
       Rpst.: Falchion   |       |       |     1 ||     1

Table legend:
 A = Non-vault XP
 B = Vault XP
 C = Vault XP percentage of total XP
 D = Non-vault monster count
 E = Vault monster count
 F = Vault count percentage of total count
                 A         B        C        D         E       F
            +---------+---------+-------+---------+---------+-------
      Total |    1124 |     448 |  28.5 |     104 |      32 |  23.5
            +---------+---------+-------+---------+---------+-------
        D:1 |      35 |       8 |  18.6 |      20 |       6 |  23.1
        D:2 |     112 |      41 |  26.8 |      25 |       1 |   3.8
        D:3 |     185 |     398 |  68.3 |      31 |      24 |  43.6
        D:4 |     406 |       1 |   0.2 |      20 |       1 |   4.8
        D:5 |     386 |       0 |   0.0 |       8 |       0 |   0.0
            +---------+---------+-------+---------+---------+-------
